Thunderbirds vs Admirals

Created - June 3, 2023 at 22:51

Goals
1 2 3 T
Thunderbirds 1 3 3 7
Admirals 0 1 1 2
Shots
1 2 3 T
Thunderbirds 7 19 6 32
Admirals 14 7 11 32

1st period

1. Thunderbirds , Elias Lindholm 32 (Drake Batherson 57, Kale Clague 14) at 9:19

Penalties :
Ian Mitchell (Mil) for Hooking (Minor) at 16:00

2nd period

2. Admirals , Mark McNeill 27 (Lucas Wallmark 27, T.J Brodie 35) at 4:35
3. Thunderbirds , Tanner Laczynski 13 (Timothy Liljegren 36) at 11:10
4. Thunderbirds , Dominik Kahun 22 (Morgan Geekie 19, Griffin Reinhart 52) at 12:14
5. Thunderbirds , Petr Straka 39 (Kale Clague 15) at 15:39

Penalties :
Mark McNeill (Mil) for Holding (Minor) at 2:22, Timothy Liljegren (Spr) for Roughing (Minor) at 12:23

3rd period

6. Admirals , Travis Dermott 10 (Mark McNeill 29) at 5:11
7. Thunderbirds , Tyson Jost 8 (Tanner Laczynski 11, Petr Straka 28) at 6:19
8. Thunderbirds , Blake Geoffrion 21 (Griffin Reinhart 53, Phoenix Copley) at 10:07
9. Thunderbirds , Patrick Brown 25 (Blake Geoffrion 22, Timothy Liljegren 37) at 15:48

Penalties :
Griffin Reinhart (Spr) for Tripping (Minor) at 1:23, Patrick Brown (Spr) for Tripping (Minor) at 16:41

Goalie Stats

Phoenix Copley (Spr), 30 saves from 32 shots - (0.938), W, 9-6-0, 60:00 minutes
Tristan Jarry (Mil), 25 saves from 32 shots - (0.781), L, 24-28-3, 60:00 minutes

Players Stats for Thunderbirds

Player Name              G  A  P  +/- PIM S  H  SB GA TA FO     MP     PP MP  PK MP  
------------------------------------------------------------------------------------
Anthony Beauvillier      0  0  0   0  0   3  2  0  2  0  1/2    16:58   2:01   1:26 
Blake Geoffrion          1  1  2   0  0   1  1  0  1  0  0/0    16:55   2:01   1:08 
Dominik Kahun            1  0  1   2  0   3  1  0  0  0  0/0    11:42   0:00   0:00 
Drake Batherson          0  1  1   1  0   8  1  1  1  1  1/3    19:22   1:57   0:00 
Elias Lindholm           1  0  1   1  0   3  2  2  0  1  21/37  22:36   1:57   3:14 
Filip Hronek             0  0  0   1  0   0  0  2  0  0  0/0    27:15   1:58   3:38 
Griffin Reinhart         0  2  2   1  2   1  0  3  1  1  0/0    24:46   1:58   1:28 
Jacob Larsson            0  0  0   2  0   1  0  1  0  1  0/0    16:18   2:00   1:01 
Kale Clague              0  2  2   3  0   0  0  0  1  1  0/0    15:12   0:00   2:09 
Kirill Kaprizov          0  0  0   1  0   0  4  0  0  0  0/0    19:22   1:57   0:00 
Morgan Frost             0  0  0   2  0   0  1  0  0  0  2/2     7:34   0:00   0:07 
Morgan Geekie            0  1  1   2  0   2  0  0  0  0  6/7    11:42   0:00   0:00 
Patrick Brown            1  0  1   0  2   3  0  0  0  0  2/7    16:26   2:01   0:56 
Petr Straka              1  1  2   2  0   1  3  0  0  0  0/0    13:32   0:00   1:50 
Radim Simek              0  0  0   2  0   0  1  1  0  0  0/0    19:02   0:00   3:35 
Tanner Laczynski         1  1  2   2  0   2  0  0  1  0  1/1     7:12   0:00   0:00 
Timothy Liljegren        0  2  2   1  2   2  0  2  0  0  0/0    17:40   2:00   0:03 
Tyson Jost               1  0  1   2  0   2  0  0  0  0  0/0    10:25   0:00   3:13 

Players Stats for Admirals

Player Name              G  A  P  +/- PIM S  H  SB GA TA FO     MP     PP MP  PK MP  
------------------------------------------------------------------------------------
Anton Gustafsson         0  0  0  -2  0   2  3  3  2  0  14/29  23:10   3:12   2:20 
Carl Dahlstrom           0  0  0  -2  0   1  1  1  0  2  0/0    19:15   2:17   1:36 
Freddie Hamilton         0  0  0  -3  0   0  3  1  0  0  3/7    11:04   0:00   0:00 
Hunter Shinkaruk         0  0  0   1  0   1  3  0  0  0  0/1    17:40   2:45   1:25 
Ian Mitchell             0  0  0   0  2   0  0  1  0  0  0/0     5:53   0:00   0:00 
Joel Armia               0  0  0  -2  0   4  1  4  0  0  1/2    20:50   3:12   0:00 
Josh Norris              0  0  0  -1  0   1  1  0  0  0  1/5     8:06   0:00   0:13 
Josh Wesley              0  0  0  -2  0   0  0  0  0  1  0/0     9:35   0:00   0:00 
Kasper Bjorkqvist        0  0  0  -3  0   1  1  0  0  0  0/1    11:24   0:00   0:20 
Kristian Vesalainen      0  0  0  -1  0   1  2  0  0  0  0/0     7:53   0:00   0:00 
Lucas Wallmark           0  1  1   1  0   2  2  0  0  0  5/11   17:20   2:45   1:05 
Mark McNeill             1  1  2   1  2   9  3  0  0  0  1/1    16:14   2:45   0:00 
Markus Granlund          0  0  0  -2  0   3  2  0  0  0  0/1    23:11   3:12   2:21 
Mattias Backman          0  0  0  -1  0   0  0  0  0  1  0/0    25:16   3:40   2:22 
Nolan Vesey              0  0  0  -3  0   0  4  0  0  0  0/0    11:16   0:00   0:12 
Olli Juolevi             0  0  0  -2  0   0  0  0  0  1  0/0     9:35   0:00   0:00 
Reilly Walsh             0  0  0   0  0   0  0  0  0  0  0/0     5:54   0:00   0:00 
Riley Barber             0  0  0  -1  0   0  0  0  0  0  0/1     7:53   0:00   0:00 
T.J Brodie               0  1  1  -1  0   1  0  1  2  0  0/0    25:16   3:40   2:22 
Travis Dermott           1  0  1  -2  0   6  1  1  1  2  0/0    19:15   2:17   1:36 

3 Stars

1 - Petr Straka (Spr)
2 - Tanner Laczynski (Spr)
3 - Kale Clague (Spr)

Power Play

Thunderbirds - 0 on 1 Attempt(s) - 0.00%
Admirals - 0 on 4 Attempt(s) - 0.00%

Penalty Kill

Thunderbirds - 4 on 4 Attempt(s) - 100.00% - Score 0 goal in Penalty Kill
Admirals - 1 on 1 Attempt(s) - 100.00% - Score 0 goal in Penalty Kill

Team Stat

Thunderbirds - Hits : 16 - Faceoff Wins : 34 - Blocked Shots : 12 - Penalty Minutes : 6
Admirals - Hits : 27 - Faceoff Wins : 25 - Blocked Shots : 12 - Penalty Minutes : 4

Official

Referees : Justin St. Pierre and Chris Schlenker
Linesman : Kory Nagy and Michel Cormier

Game Notes

15:10 of 3rd period - Penalty Shot by Anthony Beauvillier for Thunderbirds - Stopped by Tristan Jarry

Finance

Level 1 -- Attendance: 2000 (100.00%) -- Ticket Income $70,000
Level 2 -- Attendance: 902 (90.20%) -- Ticket Income $13,530
Total Attendance: 2902 (96.73%)
Total Ticket Income: $83,530
Other Income: $4,176
Total Income: $87,706

Thunderbirds

5 vs 5 Forward 
   Center                   Left Wing                Right Wing               Time % Phy DF OF 
 1 Elias Lindholm           Kirill Kaprizov          Drake Batherson          40     0   2  3  
 2 Patrick Brown            Blake Geoffrion          Anthony Beauvillier      30     0   2  3  
 3 Morgan Geekie            Dominik Kahun            Petr Straka              20     0   2  3  
 4 Morgan Frost             Tyson Jost               Tanner Laczynski         10     0   2  3  

5 vs 5 Defense 
   Defense                  Defense                                           Time % Phy DF OF 
 1 Griffin Reinhart         Filip Hronek                                      40     0   2  3  
 2 Radim Simek              Timothy Liljegren                                 30     0   2  3  
 3 Jacob Larsson            Kale Clague                                       20     0   2  3  
 4 Griffin Reinhart         Filip Hronek                                      10     0   2  3  

PowerPlay Forward 
   Center                   Left Wing                Right Wing               Time % Phy DF OF 
 1 Elias Lindholm           Kirill Kaprizov          Drake Batherson          60     0   1  4  
 2 Patrick Brown            Blake Geoffrion          Anthony Beauvillier      40     0   1  4  

PowerPlay Defense
   Defense                  Defense                                           Time % Phy DF OF 
 1 Griffin Reinhart         Filip Hronek                                      60     0   2  3  
 2 Jacob Larsson            Timothy Liljegren                                 40     0   2  3  

Penalty Kill 4 Players Forward 
   Center                   Wing                     Time % Phy DF OF 
 1 Elias Lindholm           Tyson Jost               60     1   3  1  
 2 Patrick Brown            Anthony Beauvillier      40     1   3  1  

Penalty Kill 4 Players Defense
   Defense                  Defense                  Time % Phy DF OF 
 1 Radim Simek              Filip Hronek             60     1   3  1  
 2 Griffin Reinhart         Kale Clague              40     1   3  1  

Penalty Kill - 3 Players Forward 
   Forward                                           Time % Phy DF OF 
 1 Tyson Jost                                        60     1   3  1  
 2 Anthony Beauvillier                               40     1   3  1  

Penalty Kill - 3 Players Defense
   Defense                  Defense                  Time % Phy DF OF 
 1 Radim Simek              Filip Hronek             60     1   4  0  
 2 Griffin Reinhart         Kale Clague              40     1   4  0  

4 vs 4 Forward 
   Center                   Wing                     Time % Phy DF OF 
 1 Elias Lindholm           Kirill Kaprizov          60     0   2  3  
 2 Patrick Brown            Drake Batherson          40     0   2  3  

4 vs 4 Defense
   Defense                  Defense                  Time % Phy DF OF 
 1 Radim Simek              Filip Hronek             60     0   2  3  
 2 Griffin Reinhart         Kale Clague              40     0   2  3  

Last Minutes Offensive
   Center                   Left Wing                Right Wing               Defense                  Defense                  
   Elias Lindholm           Kirill Kaprizov          Drake Batherson          Griffin Reinhart         Filip Hronek             

Last Minutes Defensive
   Center                   Left Wing                Right Wing               Defense                  Defense                  
   Elias Lindholm           Tyson Jost               Anthony Beauvillier      Radim Simek              Filip Hronek             

Goaltenders
Starting : Phoenix Copley           
Backup : Carter Hutton            

Extra Forwards
Normal : Drake Batherson, Kirill Kaprizov, Anthony Beauvillier - PP : Anthony Beauvillier, Kirill Kaprizov - PK : Petr Straka
Extra Defensemen
Normal : Timothy Liljegren, Griffin Reinhart, Filip Hronek - PP : Kale Clague - PK : Jacob Larsson, Radim Simek
Penalty Shots
Drake Batherson, Tanner Laczynski, Petr Straka, Patrick Brown, Anthony Beauvillier

Scratches
Austin Poganski (Healthy), Adam Ruzicka (Healthy), Charles Hudon (Healthy), Jake Walman (Healthy), Matt Puempel (Healthy)
Mitchell Heard (Healthy), Nicklas Jensen (Healthy), Grant Hutton (Healthy), Roberts Lipsbergs (Healthy), Shane Prince (Healthy)
Viktor Baldayev (Healthy), Calvin Thurkauf (Healthy), Dylan Gambrell (Healthy), Artur Kayumov (Healthy)

Admirals

5 vs 5 Forward 
   Center                   Left Wing                Right Wing               Time % Phy DF OF 
 1 Anton Gustafsson         Markus Granlund          Joel Armia               40     1   2  2  
 2 Lucas Wallmark           Hunter Shinkaruk         Mark McNeill             30     1   2  2  
 3 Freddie Hamilton         Nolan Vesey              Kasper Bjorkqvist        20     1   2  2  
 4 Josh Norris              Kristian Vesalainen      Riley Barber             10     1   2  2  

5 vs 5 Defense 
   Defense                  Defense                                           Time % Phy DF OF 
 1 Mattias Backman          T.J Brodie                                        40     1   2  2  
 2 Travis Dermott           Carl Dahlstrom                                    30     1   2  2  
 3 Olli Juolevi             Josh Wesley                                       20     1   2  2  
 4 Reilly Walsh             Ian Mitchell                                      10     1   2  2  

PowerPlay Forward 
   Center                   Left Wing                Right Wing               Time % Phy DF OF 
 1 Anton Gustafsson         Markus Granlund          Joel Armia               60     1   2  2  
 2 Lucas Wallmark           Hunter Shinkaruk         Mark McNeill             40     1   2  2  

PowerPlay Defense
   Defense                  Defense                                           Time % Phy DF OF 
 1 Mattias Backman          T.J Brodie                                        60     1   2  2  
 2 Travis Dermott           Carl Dahlstrom                                    40     1   2  2  

Penalty Kill 4 Players Forward 
   Center                   Wing                     Time % Phy DF OF 
 1 Anton Gustafsson         Markus Granlund          60     1   2  2  
 2 Lucas Wallmark           Hunter Shinkaruk         40     1   2  2  

Penalty Kill 4 Players Defense
   Defense                  Defense                  Time % Phy DF OF 
 1 Mattias Backman          T.J Brodie               60     1   2  2  
 2 Travis Dermott           Carl Dahlstrom           40     1   2  2  

Penalty Kill - 3 Players Forward 
   Forward                                           Time % Phy DF OF 
 1 Anton Gustafsson                                  60     1   2  2  
 2 Lucas Wallmark                                    40     1   2  2  

Penalty Kill - 3 Players Defense
   Defense                  Defense                  Time % Phy DF OF 
 1 Mattias Backman          T.J Brodie               60     1   2  2  
 2 Travis Dermott           Carl Dahlstrom           40     1   2  2  

4 vs 4 Forward 
   Center                   Wing                     Time % Phy DF OF 
 1 Anton Gustafsson         Markus Granlund          60     1   2  2  
 2 Lucas Wallmark           Hunter Shinkaruk         40     1   2  2  

4 vs 4 Defense
   Defense                  Defense                  Time % Phy DF OF 
 1 Mattias Backman          T.J Brodie               60     1   2  2  
 2 Travis Dermott           Carl Dahlstrom           40     1   2  2  

Last Minutes Offensive
   Center                   Left Wing                Right Wing               Defense                  Defense                  
   Anton Gustafsson         Markus Granlund          Joel Armia               Mattias Backman          T.J Brodie               

Last Minutes Defensive
   Center                   Left Wing                Right Wing               Defense                  Defense                  
   Anton Gustafsson         Markus Granlund          Joel Armia               Mattias Backman          T.J Brodie               

Goaltenders
Starting : Tristan Jarry            
Backup : Felix Sanstrom           

Extra Forwards
Normal : Kasper Bjorkqvist, Hunter Shinkaruk, Lucas Wallmark - PP : Kasper Bjorkqvist, Hunter Shinkaruk - PK : Kasper Bjorkqvist
Extra Defensemen
Normal : Josh Wesley, Reilly Walsh, Ian Mitchell - PP : Josh Wesley - PK : Josh Wesley, Reilly Walsh
Penalty Shots
Markus Granlund, Anton Gustafsson, Joel Armia, Mark McNeill, Kasper Bjorkqvist

Scratches
Alexandre Mallet (Healthy), Andreas Englund (Healthy), Brett Connolly (Healthy), Christian Djoos (Healthy), Joni Ikonen (Healthy)
Filip Chlapik (Healthy), Mark MacMillan (Healthy), Ryan Olsen (Healthy), Sergei Zborovskiy (Healthy), Stanislav Galiev (Healthy)
Troy Bourke (Healthy), Carsen Twarynski (Healthy), Libor Hajek (Healthy), Linus Ullmark (Healthy)

% Time on Ice - Thunderbirds

Lines # - Real PCT - Wanted PCT - Time Play
Normal Forward
1 - 35% - 40% - 17:40
2 - 27% - 30% - 13:31
3 - 23% - 20% - 11:42
4 - 14% - 10% - 7:12
Normal Defense
1 - 38% - 40% - 19:04
2 - 31% - 30% - 15:29
3 - 26% - 20% - 13:03
4 - 5% - 10% - 2:29
PP Forward
1 - 49% - 60% - 1:57
2 - 51% - 40% - 2:01
PP Defense
1 - 50% - 60% - 1:58
2 - 50% - 40% - 2:00
PK Forward
1 - 76% - 60% - 4:31
2 - 24% - 40% - 1:26
PK Defense
1 - 63% - 60% - 3:45
2 - 37% - 40% - 2:12
PK3 Forward
1 - 0% - 60%
2 - 0% - 40%
PK3 Defense
1 - 0% - 60%
2 - 0% - 40%
44 Forward
1 - 0% - 60%
2 - 0% - 40%
44 Defense
1 - 0% - 60%
2 - 0% - 40%
Last Minute Offensive  - 0:00
Last Minute Defensive  - 0:00
Total
Forward - 60:00
Defense - 60:00

% Time on Ice - Admirals

Lines # - Real PCT - Wanted PCT - Time Play
Normal Forward
1 - 35% - 40% - 17:38
2 - 27% - 30% - 13:30
3 - 22% - 20% - 11:04
4 - 16% - 10% - 7:53
Normal Defense
1 - 38% - 40% - 19:14
2 - 31% - 30% - 15:22
3 - 19% - 20% - 9:35
4 - 12% - 10% - 5:54
PP Forward
1 - 54% - 60% - 3:12
2 - 46% - 40% - 2:45
PP Defense
1 - 62% - 60% - 3:40
2 - 38% - 40% - 2:17
PK Forward
1 - 73% - 60% - 2:53
2 - 27% - 40% - 1:05
PK Defense
1 - 60% - 60% - 2:22
2 - 40% - 40% - 1:36
PK3 Forward
1 - 0% - 60%
2 - 0% - 40%
PK3 Defense
1 - 0% - 60%
2 - 0% - 40%
44 Forward
1 - 0% - 60%
2 - 0% - 40%
44 Defense
1 - 0% - 60%
2 - 0% - 40%
Last Minute Offensive  - 0:00
Last Minute Defensive  - 0:00
Total
Forward - 60:00
Defense - 60:00

Play-by-Play

1st period


0:01 of 1st period - Anton Gustafsson wins face-off versus Drake Batherson in neutral zone.
0:27 of 1st period - Anthony Beauvillier is hit by Lucas Wallmark and loses puck.
0:33 of 1st period - Icing by Anthony Beauvillier.
0:34 of 1st period - Freddie Hamilton wins face-off versus Patrick Brown in Thunderbirds zone.
0:41 of 1st period - Slapshot by Travis Dermott.
0:41 of 1st period - Shot Misses the Net.
0:43 of 1st period - Slapshot by Travis Dermott.
0:43 of 1st period - Stopped by Phoenix Copley with a rebound.
0:45 of 1st period - Wrist shot by Carl Dahlstrom.
0:45 of 1st period - Stopped by Phoenix Copley without a rebound.
0:46 of 1st period - Morgan Geekie wins face-off versus Josh Norris in Thunderbirds zone.
0:46 of 1st period - Morgan Geekie is hit by Kristian Vesalainen.
1:57 of 1st period - Kale Clague is hit by Freddie Hamilton and loses puck.
2:15 of 1st period - Filip Hronek is hit by Anton Gustafsson and loses puck.
3:00 of 1st period - Radim Simek is hit by Nolan Vesey and loses puck.
3:32 of 1st period - Snap shot by Timothy Liljegren.
3:32 of 1st period - Deflect By Tanner Laczynski.
3:32 of 1st period - Shot Misses the Net.
3:32 of 1st period - Puck is out of play.
3:33 of 1st period - Anton Gustafsson wins face-off versus Elias Lindholm in Admirals zone.
3:58 of 1st period - Mattias Backman is hit by Petr Straka and loses puck.
4:26 of 1st period - Patrick Brown is hit by Nolan Vesey.
4:46 of 1st period - Snap shot by Joel Armia.
4:46 of 1st period - Deflect By Markus Granlund.
4:46 of 1st period - Stopped by Phoenix Copley with a rebound.
4:48 of 1st period - Snap shot by Markus Granlund.
4:48 of 1st period - Shot Misses the Net.
5:18 of 1st period - Filip Hronek is hit by Mark McNeill and loses puck.
5:47 of 1st period - Joel Armia is hit by Blake Geoffrion.
6:12 of 1st period - Freddie Hamilton is hit by Morgan Frost and loses puck.
6:22 of 1st period - Off-side.
6:23 of 1st period - Elias Lindholm wins face-off versus Riley Barber in neutral zone.
6:26 of 1st period - Josh Wesley is hit by Kirill Kaprizov.
7:15 of 1st period - Slapshot by Hunter Shinkaruk.
7:15 of 1st period - Deflect By Mark McNeill.
7:15 of 1st period - Stopped by Phoenix Copley with a rebound.
7:52 of 1st period - Slapshot by Anthony Beauvillier.
7:52 of 1st period - Stopped by Tristan Jarry without a rebound.
7:53 of 1st period - Patrick Brown wins face-off versus Josh Norris in Admirals zone.
8:18 of 1st period - Jacob Larsson is hit by Anton Gustafsson and loses puck.
9:05 of 1st period - Snap shot by Kasper Bjorkqvist.
9:05 of 1st period - Shot Blocked by Timothy Liljegren.
9:07 of 1st period - Wrist shot by Kasper Bjorkqvist.
9:07 of 1st period - Deflect By Nolan Vesey.
9:07 of 1st period - Shot Misses the Net.
9:07 of 1st period - Puck is out of play.
9:08 of 1st period - Anton Gustafsson wins face-off versus Elias Lindholm in Thunderbirds zone.
9:09 of 1st period - Wrist shot by Joel Armia.
9:09 of 1st period - Stopped by Phoenix Copley with a rebound.
9:17 of 1st period - Wrist shot by Drake Batherson.
9:17 of 1st period - Stopped by Tristan Jarry with a rebound.
9:19 of 1st period - Snap shot by Elias Lindholm.
9:19 of 1st period - Goal by Elias Lindholm - Thunderbirds : 1 - Admirals : 0.
9:20 of 1st period - Elias Lindholm wins face-off versus Anton Gustafsson in neutral zone.
9:29 of 1st period - Wrist shot by Drake Batherson.
9:29 of 1st period - Stopped by Tristan Jarry without a rebound.
9:30 of 1st period - Elias Lindholm wins face-off versus Anton Gustafsson in Admirals zone.
9:40 of 1st period - Mattias Backman is hit by Kirill Kaprizov and loses puck.
9:47 of 1st period - Kirill Kaprizov is hit by Joel Armia and loses puck.
9:52 of 1st period - Snap shot by Joel Armia.
9:52 of 1st period - Shot Misses the Net.
9:54 of 1st period - Slapshot by Mattias Backman.
9:54 of 1st period - Shot Misses the Net.
10:14 of 1st period - Snap shot by Anton Gustafsson.
10:14 of 1st period - Stopped by Phoenix Copley with a rebound.
10:16 of 1st period - Slapshot by Anton Gustafsson.
10:16 of 1st period - Shot Blocked by Elias Lindholm.
10:18 of 1st period - Slapshot by Mattias Backman.
10:18 of 1st period - Shot Blocked by Drake Batherson.
10:20 of 1st period - Wrist shot by Markus Granlund.
10:20 of 1st period - Shot Blocked by Elias Lindholm.
10:22 of 1st period - Slapshot by T.J Brodie.
10:22 of 1st period - Stopped by Phoenix Copley with a rebound.
10:24 of 1st period - Slapshot by T.J Brodie.
10:24 of 1st period - Shot Misses the Net.
10:26 of 1st period - Snap shot by Markus Granlund.
10:26 of 1st period - Shot Misses the Net.
10:32 of 1st period - Snap shot by Markus Granlund.
10:32 of 1st period - Deflect By Anton Gustafsson.
10:32 of 1st period - Stopped by Phoenix Copley with a rebound.
10:34 of 1st period - Slapshot by T.J Brodie.
10:34 of 1st period - Shot Blocked by Griffin Reinhart.
10:36 of 1st period - Slapshot by Mattias Backman.
10:36 of 1st period - Shot Blocked by Filip Hronek.
10:38 of 1st period - Snap shot by Joel Armia.
10:38 of 1st period - Shot Blocked by Griffin Reinhart.
10:40 of 1st period - Backhand shot by Markus Granlund.
10:40 of 1st period - Shot Misses the Net.
11:08 of 1st period - Wrist shot by Joel Armia.
11:08 of 1st period - Stopped by Phoenix Copley with a rebound.
11:10 of 1st period - Wrist shot by Markus Granlund.
11:10 of 1st period - Deflect By Joel Armia.
11:10 of 1st period - Shot Misses the Net.
11:10 of 1st period - Puck is out of play.
11:11 of 1st period - Patrick Brown wins face-off versus Lucas Wallmark in Thunderbirds zone.
11:22 of 1st period - Snap shot by Patrick Brown.
11:22 of 1st period - Shot Misses the Net.
11:36 of 1st period - Dominik Kahun is hit by Nolan Vesey and loses puck.
11:45 of 1st period - Radim Simek is hit by Freddie Hamilton and loses puck.
11:56 of 1st period - Tanner Laczynski is hit by Josh Norris and loses puck.
12:15 of 1st period - Snap shot by Mark McNeill.
12:15 of 1st period - Stopped by Phoenix Copley with a rebound.
12:17 of 1st period - Snap shot by Mark McNeill.
12:17 of 1st period - Stopped by Phoenix Copley without a rebound.
12:18 of 1st period - Lucas Wallmark wins face-off versus Patrick Brown in Thunderbirds zone.
12:25 of 1st period - Backhand shot by Hunter Shinkaruk.
12:25 of 1st period - Deflect By Mark McNeill.
12:25 of 1st period - Stopped by Phoenix Copley with a rebound.
12:29 of 1st period - Wrist shot by Hunter Shinkaruk.
12:29 of 1st period - Deflect By Lucas Wallmark.
12:29 of 1st period - Shot Misses the Net.
12:29 of 1st period - Puck is out of play.
12:30 of 1st period - Lucas Wallmark wins face-off versus Patrick Brown in Thunderbirds zone.
12:31 of 1st period - Slapshot by Mark McNeill.
12:31 of 1st period - Stopped by Phoenix Copley with a rebound.
12:55 of 1st period - Petr Straka is hit by Carl Dahlstrom and loses puck.
13:24 of 1st period - Snap shot by Morgan Frost.
13:24 of 1st period - Shot Misses the Net.
13:26 of 1st period - Snap shot by Tyson Jost.
13:26 of 1st period - Stopped by Tristan Jarry with a rebound.
13:44 of 1st period - Slapshot by Anton Gustafsson.
13:44 of 1st period - Shot Hit the Post.
13:55 of 1st period - Filip Hronek is hit by Anton Gustafsson and loses puck.
14:32 of 1st period - Snap shot by Patrick Brown.
14:32 of 1st period - Deflect By Anthony Beauvillier.
14:32 of 1st period - Shot Blocked by Anton Gustafsson.
14:32 of 1st period - Puck is out of play.
14:33 of 1st period - Elias Lindholm wins face-off versus Lucas Wallmark in Admirals zone.
15:00 of 1st period - Radim Simek is hit by Freddie Hamilton and loses puck.
15:18 of 1st period - Off-side.
15:19 of 1st period - Tanner Laczynski wins face-off versus Josh Norris in neutral zone.
16:00 of 1st period - Minor Penalty to Ian Mitchell for Hooking.
16:01 of 1st period - Elias Lindholm wins face-off versus Anton Gustafsson in Admirals zone.
16:06 of 1st period - Wrist shot by Drake Batherson.
16:06 of 1st period - Stopped by Tristan Jarry without a rebound.
16:07 of 1st period - Anton Gustafsson wins face-off versus Elias Lindholm in Admirals zone.
16:37 of 1st period - Off-side.
16:38 of 1st period - Anton Gustafsson wins face-off versus Anthony Beauvillier in neutral zone.
17:19 of 1st period - Snap shot by Blake Geoffrion.
17:19 of 1st period - Shot Misses the Net.
18:00 of 1st period - Penalty to Ian Mitchell is over, Ian Mitchell is back on ice.
18:10 of 1st period - Off-side.
18:11 of 1st period - Morgan Geekie wins face-off versus Kasper Bjorkqvist in neutral zone.
18:14 of 1st period - Ian Mitchell is hit by Dominik Kahun and loses puck.
18:25 of 1st period - Backhand shot by Kasper Bjorkqvist.
18:25 of 1st period - Stopped by Phoenix Copley with a rebound.
18:55 of 1st period - Slapshot by Drake Batherson.
18:55 of 1st period - Shot Misses the Net.
18:57 of 1st period - Snap shot by Drake Batherson.
18:57 of 1st period - Shot Misses the Net.
19:01 of 1st period - Wrist shot by Drake Batherson.
19:01 of 1st period - Deflect By Kirill Kaprizov.
19:01 of 1st period - Shot Blocked by Joel Armia.
19:01 of 1st period - Puck is out of play.
19:02 of 1st period - Elias Lindholm wins face-off versus Anton Gustafsson in Admirals zone.
19:05 of 1st period - Wrist shot by Drake Batherson.
19:05 of 1st period - Stopped by Tristan Jarry with a rebound.
19:34 of 1st period - Nolan Vesey is hit by Kirill Kaprizov and loses puck.
Goals for this period are 1 for Thunderbirds vs 0 for Admirals.
Shots for this period are 7 for Thunderbirds vs 14 for Admirals.

2nd period


0:01 of 2nd period - Elias Lindholm wins face-off versus Anton Gustafsson in neutral zone.
0:54 of 2nd period - Slapshot by Patrick Brown.
0:54 of 2nd period - Stopped by Tristan Jarry without a rebound.
0:55 of 2nd period - Lucas Wallmark wins face-off versus Elias Lindholm in Admirals zone.
1:20 of 2nd period - Kasper Bjorkqvist is hit by Radim Simek and loses puck.
1:31 of 2nd period - Wrist shot by Blake Geoffrion.
1:31 of 2nd period - Shot Misses the Net.
1:48 of 2nd period - Off-side.
1:49 of 2nd period - Josh Norris wins face-off versus Drake Batherson in neutral zone.
1:51 of 2nd period - Off-side.
1:52 of 2nd period - Anton Gustafsson wins face-off versus Elias Lindholm in neutral zone.
2:03 of 2nd period - Slapshot by Griffin Reinhart.
2:03 of 2nd period - Shot Misses the Net.
2:22 of 2nd period - Minor Penalty to Mark McNeill for Holding.
2:23 of 2nd period - Elias Lindholm wins face-off versus Anton Gustafsson in Admirals zone.
2:24 of 2nd period - Wrist shot by Drake Batherson.
2:24 of 2nd period - Shot Misses the Net.
3:21 of 2nd period - Wrist shot by Anthony Beauvillier.
3:21 of 2nd period - Stopped by Tristan Jarry without a rebound.
3:22 of 2nd period - Anton Gustafsson wins face-off versus Elias Lindholm in Admirals zone.
3:39 of 2nd period - Mattias Backman is hit by Elias Lindholm and loses puck.
3:52 of 2nd period - Snap shot by Drake Batherson.
3:52 of 2nd period - Deflect By T.J Brodie.
3:52 of 2nd period - Shot Misses the Net.
3:52 of 2nd period - Puck is out of play.
3:53 of 2nd period - Lucas Wallmark wins face-off versus Patrick Brown in Admirals zone.
4:22 of 2nd period - Penalty to Mark McNeill is over, Mark McNeill is back on ice.
4:22 of 2nd period - Lucas Wallmark is hit by Anthony Beauvillier and loses puck.
4:31 of 2nd period - Slapshot by Lucas Wallmark.
4:31 of 2nd period - Stopped by Phoenix Copley with a rebound.
4:33 of 2nd period - Slapshot by Lucas Wallmark.
4:33 of 2nd period - Stopped by Phoenix Copley with a rebound.
4:35 of 2nd period - Wrist shot by Mark McNeill.
4:35 of 2nd period - Goal by Mark McNeill - Thunderbirds : 1 - Admirals : 1.
4:36 of 2nd period - Anton Gustafsson wins face-off versus Elias Lindholm in neutral zone.
5:26 of 2nd period - Filip Hronek is hit by Kristian Vesalainen and loses puck.
5:33 of 2nd period - Slapshot by T.J Brodie.
5:33 of 2nd period - Shot Misses the Net.
5:53 of 2nd period - Snap shot by Blake Geoffrion.
5:53 of 2nd period - Shot Misses the Net.
6:26 of 2nd period - Slapshot by Timothy Liljegren.
6:26 of 2nd period - Stopped by Tristan Jarry with a rebound.
6:38 of 2nd period - Snap shot by Markus Granlund.
6:38 of 2nd period - Shot Misses the Net.
6:52 of 2nd period - Slapshot by Joel Armia.
6:52 of 2nd period - Stopped by Phoenix Copley without a rebound.
6:53 of 2nd period - Elias Lindholm wins face-off versus Hunter Shinkaruk in Thunderbirds zone.
7:02 of 2nd period - Snap shot by Kirill Kaprizov.
7:02 of 2nd period - Deflect By Elias Lindholm.
7:02 of 2nd period - Stopped by Tristan Jarry with a rebound.
7:04 of 2nd period - Wrist shot by Drake Batherson.
7:04 of 2nd period - Stopped by Tristan Jarry with a rebound.
7:06 of 2nd period - Snap shot by Drake Batherson.
7:06 of 2nd period - Stopped by Tristan Jarry with a rebound.
7:08 of 2nd period - Wrist shot by Elias Lindholm.
7:08 of 2nd period - Stopped by Tristan Jarry with a rebound.
7:31 of 2nd period - Snap shot by Mark McNeill.
7:31 of 2nd period - Deflect By Jacob Larsson.
7:31 of 2nd period - Stopped by Phoenix Copley without a rebound.
7:32 of 2nd period - Elias Lindholm wins face-off versus Freddie Hamilton in Thunderbirds zone.
7:47 of 2nd period - Wrist shot by Elias Lindholm.
7:47 of 2nd period - Shot Misses the Net.
8:13 of 2nd period - Icing by Josh Wesley.
8:14 of 2nd period - Morgan Geekie wins face-off versus Josh Norris in Admirals zone.
8:15 of 2nd period - Wrist shot by Dominik Kahun.
8:15 of 2nd period - Stopped by Tristan Jarry without a rebound.
8:16 of 2nd period - Anton Gustafsson wins face-off versus Elias Lindholm in Admirals zone.
8:21 of 2nd period - Snap shot by Drake Batherson.
8:21 of 2nd period - Shot Blocked by Joel Armia.
8:27 of 2nd period - Wrist shot by Drake Batherson.
8:27 of 2nd period - Stopped by Tristan Jarry with a rebound.
8:29 of 2nd period - Slapshot by Griffin Reinhart.
8:29 of 2nd period - Shot Misses the Net.
8:31 of 2nd period - Slapshot by Griffin Reinhart.
8:31 of 2nd period - Shot Misses the Net.
8:41 of 2nd period - Filip Hronek is hit by Mark McNeill and loses puck.
8:48 of 2nd period - Snap shot by Mattias Backman.
8:48 of 2nd period - Deflect By Hunter Shinkaruk.
8:48 of 2nd period - Shot Misses the Net.
8:48 of 2nd period - Puck is out of play.
8:49 of 2nd period - Elias Lindholm wins face-off versus Lucas Wallmark in Thunderbirds zone.
8:49 of 2nd period - Elias Lindholm is hit by Travis Dermott.
8:52 of 2nd period - Icing by Timothy Liljegren.
8:53 of 2nd period - Elias Lindholm wins face-off versus Lucas Wallmark in Thunderbirds zone.
9:22 of 2nd period - Slapshot by Blake Geoffrion.
9:22 of 2nd period - Shot Blocked by Anton Gustafsson.
10:13 of 2nd period - Wrist shot by Filip Hronek.
10:13 of 2nd period - Shot Blocked by Carl Dahlstrom.
11:10 of 2nd period - Wrist shot by Tanner Laczynski.
11:10 of 2nd period - Goal by Tanner Laczynski - Thunderbirds : 2 - Admirals : 1.
11:11 of 2nd period - Drake Batherson wins face-off versus Anton Gustafsson in neutral zone.
11:16 of 2nd period - Slapshot by Griffin Reinhart.
11:16 of 2nd period - Shot Misses the Net.
11:18 of 2nd period - Slapshot by Drake Batherson.
11:18 of 2nd period - Deflect By Kirill Kaprizov.
11:18 of 2nd period - Shot Misses the Net.
11:18 of 2nd period - Puck is out of play.
11:19 of 2nd period - Joel Armia wins face-off versus Elias Lindholm in Admirals zone.
11:50 of 2nd period - Snap shot by Mark McNeill.
11:50 of 2nd period - Shot Blocked by Filip Hronek.
11:52 of 2nd period - Wrist shot by Lucas Wallmark.
11:52 of 2nd period - Shot Misses the Net.
11:54 of 2nd period - Wrist shot by T.J Brodie.
11:54 of 2nd period - Shot Misses the Net.
12:05 of 2nd period - Griffin Reinhart is hit by Kasper Bjorkqvist and loses puck.
12:08 of 2nd period - Snap shot by Morgan Geekie.
12:08 of 2nd period - Stopped by Tristan Jarry with a rebound.
12:10 of 2nd period - Wrist shot by Morgan Geekie.
12:10 of 2nd period - Shot Blocked by Freddie Hamilton.
12:12 of 2nd period - Snap shot by Dominik Kahun.
12:12 of 2nd period - Stopped by Tristan Jarry with a rebound.
12:14 of 2nd period - Slapshot by Dominik Kahun.
12:14 of 2nd period - Goal by Dominik Kahun - Thunderbirds : 3 - Admirals : 1.
12:15 of 2nd period - Anton Gustafsson wins face-off versus Elias Lindholm in neutral zone.
12:23 of 2nd period - Minor Penalty to Timothy Liljegren for Roughing.
12:24 of 2nd period - Elias Lindholm wins face-off versus Anton Gustafsson in Thunderbirds zone.
12:24 of 2nd period - Elias Lindholm is hit by Markus Granlund.
13:13 of 2nd period - Slapshot by Anthony Beauvillier.
13:13 of 2nd period - Stopped by Tristan Jarry with a rebound.
13:15 of 2nd period - Snap shot by Patrick Brown.
13:15 of 2nd period - Stopped by Tristan Jarry with a rebound.
13:17 of 2nd period - Slapshot by Anthony Beauvillier.
13:17 of 2nd period - Shot Blocked by Anton Gustafsson.
14:23 of 2nd period - Penalty to Timothy Liljegren is over, Timothy Liljegren is back on ice.
14:31 of 2nd period - Slapshot by Travis Dermott.
14:31 of 2nd period - Stopped by Phoenix Copley without a rebound.
14:32 of 2nd period - Morgan Geekie wins face-off versus Freddie Hamilton in Thunderbirds zone.
14:37 of 2nd period - Slapshot by Morgan Geekie.
14:37 of 2nd period - Shot Misses the Net.
14:39 of 2nd period - Wrist shot by Morgan Geekie.
14:39 of 2nd period - Stopped by Tristan Jarry without a rebound.
14:40 of 2nd period - Freddie Hamilton wins face-off versus Morgan Geekie in Admirals zone.
15:30 of 2nd period - Markus Granlund is hit by Petr Straka and loses puck.
15:39 of 2nd period - Wrist shot by Petr Straka.
15:39 of 2nd period - Goal by Petr Straka - Thunderbirds : 4 - Admirals : 1.
15:40 of 2nd period - Anton Gustafsson wins face-off versus Elias Lindholm in neutral zone.
16:05 of 2nd period - Filip Hronek is hit by Hunter Shinkaruk and loses puck.
16:26 of 2nd period - Slapshot by T.J Brodie.
16:26 of 2nd period - Shot Blocked by Timothy Liljegren.
16:48 of 2nd period - Riley Barber is hit by Kirill Kaprizov and loses puck.
16:53 of 2nd period - Snap shot by Drake Batherson.
16:53 of 2nd period - Stopped by Tristan Jarry with a rebound.
17:05 of 2nd period - Dominik Kahun is hit by Markus Granlund and loses puck.
17:28 of 2nd period - Snap shot by Kasper Bjorkqvist.
17:28 of 2nd period - Shot Misses the Net.
18:19 of 2nd period - Snap shot by Riley Barber.
18:19 of 2nd period - Shot Blocked by Jacob Larsson.
19:28 of 2nd period - Snap shot by Mark McNeill.
19:28 of 2nd period - Shot Misses the Net.
19:42 of 2nd period - Wrist shot by Tanner Laczynski.
19:42 of 2nd period - Stopped by Tristan Jarry without a rebound.
19:43 of 2nd period - Morgan Frost wins face-off versus Anton Gustafsson in Admirals zone.
19:59 of 2nd period - Slapshot by Markus Granlund.
19:59 of 2nd period - Stopped by Phoenix Copley with a rebound.
Goals for this period are 3 for Thunderbirds vs 1 for Admirals.
Shots for this period are 19 for Thunderbirds vs 7 for Admirals.

3rd period


0:01 of 3rd period - Elias Lindholm wins face-off versus Anton Gustafsson in neutral zone.
0:04 of 3rd period - Joel Armia is hit by Elias Lindholm and loses puck.
0:11 of 3rd period - Wrist shot by Drake Batherson.
0:11 of 3rd period - Shot Blocked by Joel Armia.
0:25 of 3rd period - T.J Brodie is hit by Petr Straka.
0:33 of 3rd period - Wrist shot by Petr Straka.
0:33 of 3rd period - Shot Misses the Net.
0:35 of 3rd period - Slapshot by Radim Simek.
0:35 of 3rd period - Shot Blocked by T.J Brodie.
0:37 of 3rd period - Slapshot by Timothy Liljegren.
0:37 of 3rd period - Stopped by Tristan Jarry with a rebound.
0:47 of 3rd period - Slapshot by Tanner Laczynski.
0:47 of 3rd period - Shot Misses the Net.
0:49 of 3rd period - Slapshot by Jacob Larsson.
0:49 of 3rd period - Stopped by Tristan Jarry without a rebound.
0:50 of 3rd period - Morgan Frost wins face-off versus Lucas Wallmark in Admirals zone.
0:57 of 3rd period - Tanner Laczynski is hit by Lucas Wallmark.
1:06 of 3rd period - Snap shot by Mark McNeill.
1:06 of 3rd period - Stopped by Phoenix Copley without a rebound.
1:07 of 3rd period - Freddie Hamilton wins face-off versus Elias Lindholm in Thunderbirds zone.
1:14 of 3rd period - Snap shot by Travis Dermott.
1:14 of 3rd period - Stopped by Phoenix Copley with a rebound.
1:16 of 3rd period - Snap shot by Travis Dermott.
1:16 of 3rd period - Stopped by Phoenix Copley with a rebound.
1:23 of 3rd period - Minor Penalty to Griffin Reinhart for Tripping.
1:24 of 3rd period - Elias Lindholm wins face-off versus Anton Gustafsson in Thunderbirds zone.
3:23 of 3rd period - Penalty to Griffin Reinhart is over, Griffin Reinhart is back on ice.
3:28 of 3rd period - Snap shot by Hunter Shinkaruk.
3:28 of 3rd period - Deflect By Mark McNeill.
3:28 of 3rd period - Shot Blocked by Griffin Reinhart.
3:28 of 3rd period - Puck is out of play.
3:29 of 3rd period - Morgan Geekie wins face-off versus Freddie Hamilton in Thunderbirds zone.
4:59 of 3rd period - Snap shot by Joel Armia.
4:59 of 3rd period - Stopped by Phoenix Copley with a rebound.
5:11 of 3rd period - Slapshot by Travis Dermott.
5:11 of 3rd period - Goal by Travis Dermott - Thunderbirds : 4 - Admirals : 2.
5:12 of 3rd period - Anton Gustafsson wins face-off versus Elias Lindholm in neutral zone.
6:00 of 3rd period - Kale Clague is hit by Nolan Vesey and loses puck.
6:07 of 3rd period - Snap shot by Freddie Hamilton.
6:07 of 3rd period - Shot Misses the Net.
6:09 of 3rd period - Slapshot by Mattias Backman.
6:09 of 3rd period - Shot Misses the Net.
6:19 of 3rd period - Wrist shot by Tanner Laczynski.
6:19 of 3rd period - Deflect By Tyson Jost.
6:19 of 3rd period - Goal by Tyson Jost - Thunderbirds : 5 - Admirals : 2.
6:20 of 3rd period - Elias Lindholm wins face-off versus Anton Gustafsson in neutral zone.
9:07 of 3rd period - Snap shot by Patrick Brown.
9:07 of 3rd period - Shot Blocked by Ian Mitchell.
9:09 of 3rd period - Snap shot by Anthony Beauvillier.
9:09 of 3rd period - Shot Misses the Net.
9:11 of 3rd period - Slapshot by Griffin Reinhart.
9:11 of 3rd period - Stopped by Tristan Jarry without a rebound.
9:12 of 3rd period - Anton Gustafsson wins face-off versus Elias Lindholm in Admirals zone.
9:19 of 3rd period - Snap shot by Markus Granlund.
9:19 of 3rd period - Stopped by Phoenix Copley without a rebound.
9:20 of 3rd period - Elias Lindholm wins face-off versus Anton Gustafsson in Thunderbirds zone.
10:07 of 3rd period - Wrist shot by Blake Geoffrion.
10:07 of 3rd period - Goal by Blake Geoffrion - Thunderbirds : 6 - Admirals : 2.
10:08 of 3rd period - Elias Lindholm wins face-off versus Anton Gustafsson in neutral zone.
10:13 of 3rd period - Wrist shot by Drake Batherson.
10:13 of 3rd period - Shot Blocked by Joel Armia.
10:33 of 3rd period - Anthony Beauvillier is hit by Hunter Shinkaruk and loses puck.
10:38 of 3rd period - Slapshot by Travis Dermott.
10:38 of 3rd period - Stopped by Phoenix Copley with a rebound.
11:20 of 3rd period - Slapshot by Travis Dermott.
11:20 of 3rd period - Shot Misses the Net.
11:22 of 3rd period - Wrist shot by Josh Norris.
11:22 of 3rd period - Deflect By Kristian Vesalainen.
11:22 of 3rd period - Stopped by Phoenix Copley with a rebound.
11:24 of 3rd period - Snap shot by Josh Norris.
11:24 of 3rd period - Stopped by Phoenix Copley with a rebound.
11:52 of 3rd period - Icing by Lucas Wallmark.
11:53 of 3rd period - Mark McNeill wins face-off versus Patrick Brown in Admirals zone.
12:41 of 3rd period - Off-side.
12:42 of 3rd period - Morgan Geekie wins face-off versus Freddie Hamilton in neutral zone.
14:35 of 3rd period - Anton Gustafsson is hit by Drake Batherson.
14:39 of 3rd period - Slapshot by T.J Brodie.
14:39 of 3rd period - Shot Misses the Net.
14:53 of 3rd period - Lucas Wallmark is hit by Anthony Beauvillier and loses puck.
15:10 of 3rd period - Penalty Shot by Anthony Beauvillier for Thunderbirds.
15:10 of 3rd period - Snap shot by Anthony Beauvillier.
15:10 of 3rd period - Stopped by Tristan Jarry.
15:11 of 3rd period - Anton Gustafsson wins face-off versus Elias Lindholm in Thunderbirds zone.
15:37 of 3rd period - Patrick Brown is hit by Mark McNeill and loses puck.
15:48 of 3rd period - Wrist shot by Patrick Brown.
15:48 of 3rd period - Goal by Patrick Brown - Thunderbirds : 7 - Admirals : 2.
15:49 of 3rd period - Elias Lindholm wins face-off versus Anton Gustafsson in neutral zone.
16:41 of 3rd period - Minor Penalty to Patrick Brown for Tripping.
16:42 of 3rd period - Elias Lindholm wins face-off versus Joel Armia in Thunderbirds zone.
16:56 of 3rd period - Snap shot by Joel Armia.
16:56 of 3rd period - Shot Blocked by Radim Simek.
17:52 of 3rd period - Griffin Reinhart is hit by Hunter Shinkaruk and loses puck.
17:59 of 3rd period - Slapshot by Mark McNeill.
17:59 of 3rd period - Stopped by Phoenix Copley without a rebound.
18:00 of 3rd period - Lucas Wallmark wins face-off versus Elias Lindholm in Thunderbirds zone.
18:03 of 3rd period - Snap shot by Hunter Shinkaruk.
18:03 of 3rd period - Stopped by Phoenix Copley without a rebound.
18:04 of 3rd period - Elias Lindholm wins face-off versus Lucas Wallmark in Thunderbirds zone.
18:41 of 3rd period - Penalty to Patrick Brown is over, Patrick Brown is back on ice.
19:04 of 3rd period - Off-side.
19:05 of 3rd period - Anthony Beauvillier wins face-off versus Markus Granlund in neutral zone.
19:40 of 3rd period - Slapshot by Kirill Kaprizov.
19:40 of 3rd period - Shot Blocked by Travis Dermott.
Goals for this period are 3 for Thunderbirds vs 1 for Admirals.
Shots for this period are 6 for Thunderbirds vs 11 for Admirals.